 Dungeon Crawl Stone Soup version 0.26-a0-712-ga5a9c9c9d0 (webtiles) character file.

Game seed: 6439712089075842858

647 kae the Changer (level 7, 0/57 HPs)
             Began as a Naga Transmuter on Nov 3, 2020.
             Was a Follower of Cheibriados.
             Succumbed to a killer bee's poison
             ... on level 4 of the Dungeon.
             The game lasted 00:04:50 (4626 turns).

kae the Changer (Naga Transmuter)                   Turns: 4626, Time: 00:04:51

Health: 0/57       AC:  5    Str: 16 (17) XL:     7   Next: 52%
Magic:  8/10       EV: 10    Int: 15 (16) God:    Cheibriados [*.....]
Gold:   293        SH:  0    Dex: 14 (15) Spells: 6/10 levels left

rFire    . . .     SeeInvis +     - Unarmed
rCold    . . .     Faith    .   (no shield)
rNeg     . . .     Spirit   .   a - +1 robe
rPois    +         Reflect  .   s - +0 helmet
rElec    .         Harm     .   (no cloak)
rCorr    .         Rampage  .   (no gloves)
MR       .....                  (no barding)
Stlth    +.........             (no amulet)
HPRegen  0.19/turn              (no ring)
MPRegen  0.12/turn              (no ring)

@: brilliant, lethally poisoned (0 -> -15), very slow
A: large, see invisible, deformed body, poison resistance, slowness 2, spit
poison 1, AC +2
a: Spit Poison, Bend Time, Renounce Religion


You were on level 4 of the Dungeon.
You worshipped Cheibriados.
Cheibriados was aware of your devotion.
You visited 1 branch of the dungeon, and saw 4 of its levels.

You collected 293 gold pieces.

Inventory:

Armour
 a - a +1 robe (worn)
 s - a +0 helmet (worn)
Jewellery
 f - a +4 ring of evasion {unknown}
 j - an uncursed amulet of the acrobat
 r - an uncursed amulet of reflection {unknown}
 u - a +4 ring of protection {unknown}
Scrolls
 b - a scroll of teleportation
 e - a scroll of identify
 o - a scroll of immolation {unknown}
 q - a scroll of fear {unknown}
 t - a scroll of enchant weapon {unknown}
Potions
 c - a potion of flight
 g - a potion of brilliance
 h - 2 potions of degeneration
 i - a potion of berserk rage {unknown}
 k - a potion of resistance {unknown}
 l - a potion of lignification {unknown}
 m - 4 potions of stabbing {unknown}
 n - a potion of mutation {unknown}
 p - a potion of haste {unknown}


   Skills:
 - Level 1.0 Fighting
 - Level 1.5 Dodging
 + Level 5.2 Unarmed Combat
 - Level 2.0 Spellcasting
 * Level 6.4 Transmutations
 - Level 3.0 Poison Magic


You had 6 spell levels left.
You knew the following spells:

 Your Spells              Type           Power        Failure   Level
a - Beastly Appendage     Tmut           ####..       1%          1
b - Spider Form           Tmut/Pois      ###.......   10%         3

Your spell library contained the following spells:

 Spells                   Type           Power        Failure   Level
 Wereblood                Tmut           ####....     2%          2
 Magic Dart               Conj           #...         22%         1
 Blink                    Tloc           N/A          32%         2
 Call Imp                 Summ           #.......     32%         2
 Slow                     Hex            #.......     32%         2
 Mephitic Cloud           Conj/Pois/Air  #.......     41%         3
 Blade Hands              Tmut           ####......   41%         5
 Ice Form                 Ice/Tmut       ###.....     52%         4
 Conjure Flame            Conj/Fire      #.......     54%         3


Dungeon Overview and Level Annotations

Branches:
Dungeon (4/15)
 Temple: D:4-7

Altars:
Cheibriados

Annotations:
D:4 2 transporters, Lanoc's ghost, novice OgBe


Innate Abilities, Weirdness & Mutations

You cannot wear boots.
Your serpentine skin is tough. (AC +2)
You have supernaturally acute eyesight. (SInv)
Armour fits poorly on your strangely shaped body.
Your system is resistant to poisons. (rPois)
You cover ground very slowly.
You can spit poison.


Message History

You feel magically purged.
Your transformation has ended.
Your +0 helmet unmelds from your body.
Your +1 robe unmelds from your body.
You float gracefully downwards.
* * * LOW HITPOINT WARNING * * *
You feel sick.
The killer bee stings you but does no damage.
A hound skeleton comes into view.
The killer bee stings you.
* * * LOW HITPOINT WARNING * * *
It was a potion of brilliance.
You feel clever all of a sudden.
* * * LOW HITPOINT WARNING * * *
You feel sick. The killer bee stings you.
* * * LOW HITPOINT WARNING * * *
The killer bee barely misses you.
It was a potion of degeneration.
There was something very wrong with that liquid.
You feel weakened.
You feel dopey.
You feel clumsy.
You die...

#..............#.# #
##.........##[..#.# #
.........##.)...#.####
...........###.#)..#.....
....##.###.............###
.....# ##..###©####......
...... #..##.### .#####..
...>..###.##..... #..55#..
........#@#....#. .#...##.
........#y#..##..#......#.
..........#...#..© .##..#.
.........##.#.....#.....#.
.........# ...###5..##.##.
......Z..## .#..$$.....#..
...[......###. #####..##..
............####.©.####...
..........................


You could see a killer bee and a hound skeleton (wandering).

Vanquished Creatures
  Sigmund (D:3)
  4 killer bees (D:4)
  An orc priest (D:4)
  2 hounds (D:4)
  Natasha (twice) (D:2)
  Robin (D:3)
  5 adders
  An adder skeleton (D:4)
  A worm (D:4)
  2 dart slugs
  5 leopard geckos
  5 orcs
  A ball python (D:4)
  11 bats
  3 giant cockroaches
  17 goblins
  8 hobgoblins
  7 kobolds
  A quokka (D:2)
  6 frilled lizards
  A quokka skeleton (D:4)
  4 rats
89 creatures vanquished.

Notes
Turn   | Place    | Note
-------+----------+-------------------------------------------
     0 | D:1      | kae the Naga Transmuter began the quest for the Orb.
     0 | D:1      | Reached XP level 1. HP: 18/18 MP: 3/3
   221 | D:1      | Reached XP level 2. HP: 25/25 MP: 3/5
   824 | D:1      | Reached skill level 3 in Transmutations
  1046 | D:1      | Reached XP level 3. HP: 27/31 MP: 4/6
  1051 | D:1      | Learned a level 3 spell: Spider Form
  1371 | D:2      | Noticed Natasha
  1385 | D:2      | Killed Natasha
  1385 | D:2      | Reached skill level 1 in Poison Magic
  1385 | D:2      | Reached XP level 4. HP: 13/38 MP: 1/7
  2231 | D:2      | Noticed Natasha
  2250 | D:2      | Killed Natasha
  2250 | D:2      | Reached XP level 5. HP: 10/44 MP: 5/8
  2286 | D:2      | HP: 2/44 [poisoned by an adder]
  2293 | D:2      | HP: 1/44 [poisoned by an adder]
  2301 | D:2      | HP: 1/44 [poisoned by an adder]
  2775 | D:3      | Reached skill level 4 in Transmutations
  3030 | D:3      | Found a snail-covered altar of Cheibriados.
  3060 | D:3      | Became a worshipper of Cheibriados the Contemplative
  3288 | D:3      | Noticed Robin
  3339 | D:3      | Noticed Sigmund
  3520 | D:3      | Killed Sigmund
  3520 | D:3      | Reached skill level 5 in Transmutations
  3520 | D:3      | Reached XP level 6. HP: 47/51 MP: 5/9
  3546 | D:3      | Killed Robin
  3965 | D:3      | Reached * piety under Cheibriados
  3971 | D:3      | Found a faded altar of an unknown god.
  4065 | D:4      | Found a transporter.
  4124 | D:4      | Noticed Lanoc's ghost (novice OgBe)
  4136 | D:4      | Found a transporter.
  4248 | D:4      | Reached XP level 7. HP: 46/57 MP: 6/10
  4325 | D:4      | Reached skill level 6 in Transmutations
  4617 | D:4      | Reached skill level 5 in Unarmed Combat
  4625 | D:4      | HP: 2/57 [killer bee (4)]
  4626 | D:4      | Succumbed to a killer bee's poison

Illustrated notes

Levels and vault maps discovered:
D:1:      dpeg_arrival_simpleton_a, layout_basic
D:2:      layout_loops_cross, serial_park_tiny_2, kennysheep_generic_room_16,
          uniq_natasha
D:3:      layout_rooms, lemuel_round_altar,
          chequers_ecumenical_altar_simple_redux, uniq_sigmund, uniq_robin
D:4:      layout_rooms, gammafunk_ghost_stat_death, minivault_24,
          nicolae_underground_beach

Skill      XL: |  1  2  3  4  5  6  7 |
---------------+----------------------+-----
Transmutations | 3 5 6 |  6.4
Poison Magic   | 1 2 3 |  3.0
Unarmed Combat | 4 5 |  5.2
Fighting       | |  1.0
Dodging        | |  1.5
Spellcasting   | |  2.0

Action                   |  1- 3 |  4- 6 |  7- 9 || total
-------------------------+-------+-------+-------++-------
Melee: Unarmed           |    79 |   166 |    29 ||   274
       Headbutt          |     9 |    11 |       ||    20
       Punch             |     1 |     2 |       ||     3
 Cast: Beastly Appendage |    19 |    21 |       ||    40
       Spider Form       |       |    10 |     4 ||    14
 Abil: Spit Poison       |     9 |     8 |     1 ||    18
  Use: Scroll            |     4 |     2 |       ||     6
       Potion            |       |     2 |     4 ||     6
Armor: Robe              |    17 |    37 |     1 ||    55
       Skin              |       |     4 |     1 ||     5
Dodge: Dodged            |    67 |   119 |    50 ||   236

Table legend: (Time is in decaauts)
 A = Elapsed time spent in this place.
 B = Non-inter-level travel time spent in this place.
 C = Inter-level travel time spent in this place.
 D = Time resting spent in this place.
 E = Time spent auto-exploring this place.
 F = Levels seen in this place.
 G = Mean time per level.
                   A        B        C        D        E       F      G
               +--------+--------+--------+--------+--------+-----+--------+
         Total |   5377 |   5245 |    132 |   1089 |   3355 |   4 | 1344.2 |
       Dungeon |   5377 |   5245 |    132 |   1089 |   3355 |   4 | 1344.2 |
               +--------+--------+--------+--------+--------+-----+--------+

Top non-repeatable levels by time:
     D:2: 2026 daAuts
     D:3: 1367 daAuts
     D:1: 1359 daAuts
     D:4: 624 daAuts
